 Dungeon Crawl Stone Soup version 0.31-a0-662-g684573625c (webtiles) character file.

Game seed: 2781927489807798656

646 Dordric the Changeling (level 7, -6/43 HPs)
             Began as an Octopode Shapeshifter on Aug 31, 2023.
             Was an Initiate of Trog.
             Mangled by an ice beast (14 damage)
             ... on level 5 of the Dungeon.
             The game lasted 00:04:31 (3433 turns).

Dordric the Changeling (Octopode Shapeshifter)      Turns: 3433, Time: 00:04:32

Health: -6/43      AC:  1    Str: 13    XL:     7   Next: 52%
Magic:  7/7        EV: 12    Int: 13    God:    Trog [......]
Gold:   200        SH:  0    Dex: 13    Spells: 6/6 levels left

rFire   . . .        t - +2 hand axe (freeze)
rCold   . . .        d - +0 buckler
rNeg    . . .        (helmet currently unavailable)
rPois   .            r - amulet of reflection
rElec   .            n - +5 ring of evasion
rCorr   .            p - +4 ring of slaying
SInv    .            (no ring)
Will    .....        (no ring)
Stlth   ++           (no ring)
HPRegen 0.27/turn    (no ring)
MPRegen 0.10/turn    (no ring)
                     (no ring)

%: reflection
@: beast-form, held
A: beast (slay +4), almost no armour, amphibious, 8 rings, camouflage 1,
gelatinous body 1, (nimble swimmer 1), tentacles
a: Begin Untransformation, Renounce Religion


You were on level 5 of the Dungeon.
You worshipped Trog.
Trog was noncommittal.
You were a hulking beast.
You visited 2 branches of the dungeon, and saw 6 of its levels.

You collected 200 gold pieces.

Inventory:

Hand Weapons
 e - a +0 short sword
 l - a +0 sling
 t - a +2 hand axe of freezing (weapon)
Armour
 d - a +0 buckler (worn)
Jewellery
 n - a +5 ring of evasion (left tentacle)
 p - a +4 ring of slaying (right tentacle)
 r - an amulet of reflection (around mantle)
Talismans
 b - a beast talisman (active)
 c - a flux talisman
Scrolls
 f - 2 scrolls of revelation {unknown}
 g - a scroll of brand weapon {unknown}
 h - a scroll of vulnerability {unknown}
 i - a scroll of silence {unknown}
 k - a scroll of poison {unknown}
 m - a scroll of amnesia {unknown}
 o - a scroll of fog {unknown}
 q - 3 scrolls of identify {unknown}
 w - a scroll of enchant armour {unknown}
Potions
 a - a potion of lignification
 j - a potion of heal wounds {unknown}
 s - a potion of attraction {unknown}
 u - a potion of berserk rage {unknown}
 v - a potion of ambrosia {unknown}
 x - a potion of magic {unknown}
 z - a potion of might {unknown}
 A - a potion of mutation {unknown}
 B - 2 potions of brilliance {unknown}


   Skills:
 - Level 1.0 Fighting
 - Level 2.0 Dodging
 - Level 3.0 Unarmed Combat
 + Level 7.9 Shapeshifting


You had 6 spell levels left.
You didn't know any spells.
Your spell library was empty.

Dungeon Overview and Level Annotations

Branches:
Dungeon (5/15)             Temple (1/1) D:4

Altars:
Ashenzari
Cheibriados
Dithmenos
Gozag
Makhleb
Nemelex Xobeh
Okawaru
Qazlal
Ru
Sif Muna
Trog
Uskayaw
Vehumet
Yredelemnul
Zin
The Shining One

Shops:
D:1 :   D:3 !


Innate Abilities, Weirdness & Mutations

You are a hulking beast.
Your limbs bulge with bestial killing power. (Slay +4)
You cannot wear most types of armour.
You are amphibious.
You can wear up to eight rings at the same time.
Your skin changes colour to match your surroundings (Stealth+).
Your rubbery body absorbs attacks. (AC +1, EV +1)
((You are camouflaged when in or above water. (Stealth+)))
You have tentacles for arms and can constrict up to eight enemies at once.


Message History

No target in view!
No target in view!
No target in view!
No target in view!
No target in view!
No target in view!
No target in view!
No target in view!
Things that are here:
a +0 whip; a +0 halberd A gnoll is nearby!
A gnoll is nearby!
No target in view!
An ice beast comes into view.
You hit the ice beast.
The ice beast is lightly wounded.
You block the ice beast's attack. The ice beast hits you.
The ice beast freezes you!
You barely miss the ice beast.
The ice beast is lightly wounded.
The ice beast completely misses you.
You barely miss the ice beast.
The ice beast is lightly wounded.
The ice beast closely misses you.
The gnoll shouts!
You hit the ice beast. You squeeze the ice beast!
The ice beast is heavily wounded.
The ice beast completely misses you.
The gnoll throws a throwing net.
The throwing net hits you.
You become entangled in the net!
The ice beast hits you. The ice beast freezes you!
You are too injured to fight recklessly!
You are too injured to fight recklessly!
You are too injured to fight recklessly!
There are monsters nearby!
There are monsters nearby!
You struggle against the net.
The ice beast closely misses you.
You tear a large gash into the net.
The ice beast hits you.
* * * LOW HITPOINT WARNING * * *
The ice beast freezes you!
You die...

#. #.# .#####.
..g
.......##.#####
#...........
#....######
#..g#...)<#
#...#.#####
#...#.#####
#..Yh.....#
......##.###.#
..###. .... #.
...... #.##.###
#. .. #. ...
###


You could see an ice beast and a gnoll.

Vanquished Creatures
  A black bear (D:5)
  An ogre (D:4)
  A phantom (D:4)
  A scorpion (D:4)
  A jelly (D:4)
  An orc wizard (D:3)
  Terence (D:3)
  Natasha (D:3)
  10 adders
  3 gnolls
  An ufetubus (D:5)
  3 worms
  3 dart slugs
  6 orcs
  8 ball pythons
  3 endoplasms
  7 giant cockroaches
  9 goblins
  9 hobgoblins
  A jackal (D:2)
  9 kobolds
  6 quokkas
  7 bats
  2 frilled lizards (D:1)
  4 rats
99 creatures vanquished.

Notes
Turn   | Place    | Note
-------+----------+-------------------------------------------
     0 | D:1      | Dordric the Octopode Shapeshifter began the quest for the
                  | Orb.
     0 | D:1      | Reached XP level 1. HP: 13/13 MP: 1/1
    49 | D:1      | Found Duwk's Vocational Training.
    84 | D:1      | Reached XP level 2. HP: 18/18 MP: 2/2
   455 | D:1      | Reached XP level 3. HP: 23/23 MP: 3/3
   589 | D:1      | Reached skill level 4 in Shapeshifting
   743 | D:1      | Found a faded altar of an unknown god.
  1102 | D:2      | Reached XP level 4. HP: 26/28 MP: 4/4
  1437 | D:2      | Reached skill level 5 in Shapeshifting
  1616 | D:3      | Noticed Terence
  1626 | D:3      | Killed Terence
  1627 | D:3      | Reached XP level 5. HP: 18/33 MP: 5/5
  1842 | D:3      | Found Moriepib's Distillery.
  2258 | D:3      | Noticed Natasha
  2262 | D:3      | Killed Natasha
  2263 | D:3      | Reached skill level 6 in Shapeshifting
  2468 | D:4      | Noticed a phantom
  2473 | D:4      | Killed a phantom
  2474 | D:4      | Reached XP level 6. HP: 36/38 MP: 6/6
  2592 | D:4      | Reached skill level 7 in Shapeshifting
  2674 | D:4      | Found a staircase to the Ecumenical Temple.
  2686 | Temple   | Entered the Ecumenical Temple
  2696 | Temple   | Became a worshipper of Trog the Wrathful
  2729 | D:4      | Found a broken altar of Ashenzari.
  2739 | D:4      | Found a sacrificial altar of Ru.
  2741 | D:4      | Found a radiant altar of Vehumet.
  2747 | D:4      | Reached XP level 7. HP: 43/43 MP: 7/7
  2818 | D:4      | Found a glowing golden altar of the Shining One.
  2946 | D:4      | Found a hide-covered altar of Uskayaw.
  3255 | D:5      | Entered Level 5 of the Dungeon
  3433 | D:5      | Mangled by an ice beast

Illustrated notes

Levels and vault maps discovered:
D:1:      minmay_arrival_arboretum_large, layout_basic,
          dreamdust_ecumenical_altar_hidden_monk_grotto, serial_rivers,
          chequers_serial_rivers_small_3, chequers_serial_rivers_room_b,
          chequers_serial_rivers_small_a, chequers_serial_rivers_marsh,
          nicolae_shop_vocational
D:2:      layout_basic, minmay_unequal
D:3:      layout_loops_corners, serial_shops, shop, uniq_natasha, uniq_terence
D:4:      layout_basic, lemuel_tele_altar, nicolae_ashenzari_skybound,
          tso_metal_star, nicolae_overflow_squiral, minmay_temple_entry_waves
D:5:      layout_basic, lemuel_crystal_altar, minmay_misc_feat_diagonals
Temple:   jpeg_temple_clearing

Skill      XL: |  1  2  3  4  5  6 |
---------------+-------------------+-----
Shapeshifting  | 4 5 6 7 |  7.9
Fighting       | |  1.0
Dodging        | |  2.0
Unarmed Combat | |  3.0

Action                     |  1- 3 |  4- 6 |  7- 9 || total
---------------------------+-------+-------+-------++-------
  Melee: Unarmed           |    10 |       |       ||    10
         Constrict         |    12 |     6 |     8 ||    26
         Tentacles         |     7 |     4 |     8 ||    19
         Short sword       |    32 |       |       ||    32
         Hand axe          |       |    17 |    23 ||    40
         Punch             |       |       |     1 ||     1
   Fire: Sling             |    50 |    96 |       ||   146
   Stab: Sleeping          |     5 |     2 |     1 ||     8
         Distracted        |     1 |       |       ||     1
 Armour: Skin              |    33 |    19 |    13 ||    65
  Dodge: Dodged            |    45 |    34 |    21 ||   100
  Block: Buckler           |     8 |    13 |     7 ||    28

Table legend: (Time is in decaauts)
 A = Elapsed time spent in this place.
 B = Non-inter-level travel time spent in this place.
 C = Inter-level travel time spent in this place.
 D = Time resting spent in this place.
 E = Time spent auto-exploring this place.
 F = Levels seen in this place.
 G = Mean time per level.
                   A        B        C        D        E       F      G
               +--------+--------+--------+--------+--------+-----+--------+
         Total |   3511 |   3387 |    124 |    122 |   2595 |   6 |  585.2 |
       Dungeon |   3489 |   3384 |    105 |    122 |   2595 |   5 |  697.8 |
        Temple |     21 |      2 |     19 |      0 |      0 |   1 |   21.0 |
               +--------+--------+--------+--------+--------+-----+--------+

Top non-repeatable levels by time:
     D:3: 976 daAuts
     D:4: 960 daAuts
     D:1: 797 daAuts
     D:2: 709 daAuts
     D:5: 46 daAuts
  Temple: 21 daAuts
